AoeStats
← ScotiusMaximus

Enclosed

504562954Analyzed
1v1 RM · 26d ago on Sep 5, 2026· 60m 14s· 2 players
Game mode
Random Map
Map size
Tiny (2 player)
Population
200
Speed
Normal
Resources
Standard
Victory
Conquest
Starting age
Dark Age
Ending age
Imperial Age
RankedLock teamsTeams togetherTeam positionsShared explorationLock speedFull tech treeHidden civsTurbo modeCheats
Victory
Defeat
🇦🇷 Bulgarians · Argentina
1047
+17
🇺🇸 Byzantines · United States
1065
-17
Michael Scarn
3:45 Loom
9:43 Feudal Age
10:24 Double-Bit Axe
11:29 Arson
13:03 Town Watch
15:37 Horse Collar
20:39 Castle Age
21:33 Heavy Plow
21:46 Bow Saw
21:43 Stone Mining
23:16 Bloodlines
23:35 Husbandry
25:03 Wheelbarrow
25:21 Scale Barding Armor
25:29 Forging
26:28 Chain Barding Armor
29:03 Hand Cart
31:12 Fletching
36:15 Bodkin Arrow
36:25 Gold Mining
41:19 Gambesons
42:49 Iron Casting
43:23 Pikeman
44:04 Squires
45:44 Scale Mail Armor
46:30 Chain Mail Armor
ScotiusMaximus
8:07 Loom
10:18 Feudal Age
11:05 Double-Bit Axe
11:10 Horse Collar
13:23 Arson
18:29 Fletching
21:12 Wheelbarrow
24:04 Castle Age
22:26 Padded Archer Armor
22:51 Gold Mining
24:11 Crossbowman
24:47 Bodkin Arrow
28:36 Stone Mining
29:18 Scale Barding Armor
29:24 Forging
29:49 Hand Cart
31:34 Gold Shaft Mining
34:48 Chain Barding Armor
36:21 Murder Holes
37:47 Ballistics
43:01 Husbandry
43:31 Bow Saw
43:24 Heavy Plow
44:39 Iron Casting
48:08 Imperial Age
46:08 Leather Archer Armor
46:39 Elite Skirmisher
47:25 Thumb Ring
50:17 Ring Archer Armor
49:47 Bracer
50:10 Capped Ram
54:36 Heavy Camel Rider
59:16 Squires
Connection lost

Rejoining the realm…

Still unreachable

The connection could not be restored.

Session expired

The server has moved on; the page needs a fresh start.